 Dungeon Crawl Stone Soup version 0.22-a0-351-g29664b4 (webtiles) character file.

58 RoseArtemis the Covered (level 3, -4/33 HPs)
             Began as a Minotaur Fighter on Apr 12, 2018.
             Slain by a gnoll
             ... wielding a +0 spear
              (6 damage)
             ... on level 1 of the Dungeon.
             The game lasted 00:02:57 (1189 turns).

RoseArtemis the Covered (Minotaur Fighter)          Turns: 1189, Time: 00:02:58

Health: -4/33      AC:  6    Str: 20    XL:     3   Next: 75%
Magic:  2/2        EV:  7    Int:  6    God:
Gold:   32         SH:  9    Dex:  9    Spells: 2/2 levels left

rFire    . . .     SeeInvis .   a - +0 long sword
rCold    . . .     Gourm    .   c - +0 shield
rNeg     . . .     Faith    .   b - +0 scale mail
rPois    .         Spirit   .   (helmet restricted)
rElec    .         Reflect  .   (no cloak)
rCorr    .         Harm     .   (no gloves)
MR       .....                  (no boots)
Stlth    ..........             (no amulet)
HPRegen  0.11/turn              (no ring)
MPRegen  0.08/turn              (no ring)

@: drained
A: retaliatory headbutt, horns 2
a: no special abilities


You were on level 1 of the Dungeon.
You were not hungry.

You visited 1 branch of the dungeon, and saw 2 of its levels.

You collected 32 gold pieces.

Inventory:

Hand Weapons
 a - a +0 long sword (weapon)
Armour
 b - a +0 scale mail (worn)
 c - a +0 shield (worn)
Jewellery
 k - an uncursed ring of see invisible {unknown}
Scrolls
 h - a scroll of identify {unknown}
 j - a scroll of immolation {unknown}
 l - 2 scrolls of remove curse
Potions
 d - a potion of might
 e - 2 potions of mutation {unknown}
 i - a potion of heal wounds {unknown}
Comestibles
 f - 2 rations
 g - 4 chunks of flesh


   Skills:
 + Level 4.1(3.2) Fighting
 * Level 3.7(2.8) Long Blades
 + Level 4.1(3.3) Armour
 + Level 4.1(3.2) Shields


You had 2 spell levels left.
You didn't know any spells.

Dungeon Overview and Level Annotations

Branches:
Dungeon (2/15)

Altars:


Innate Abilities, Weirdness & Mutations

You reflexively headbutt those who attack you in melee.
You have a pair of horns on your head.


Message History

You block the gnoll's attack.
You climb upwards.
There is a stone staircase leading down here.
You hit the worm. You headbutt the worm!
The worm is heavily wounded.
The gnoll hits you from afar with a spear.
* * * LOW HITPOINT WARNING * * *
The gnoll hits you from afar with a spear.
* * * LOW HITPOINT WARNING * * *
The worm bites you.
* * * LOW HITPOINT WARNING * * *
Okay, then.
You slash the worm!
The worm is almost dead.
You block the gnoll's attack.
You slash the worm!
You kill the worm!
You block the gnoll's attack. x2
The gnoll hits you from afar with a spear.
You die...

##.#######.##################.#
.....# #.#...##.............#
##.#.# #.....#..........#####
#.#.# ################.# #.#.#
#.# ##.#.# #.# .#.#.# #.#
.#.#.############# #.#
.'.............g@# #.#
.#(#.#########g### #.# .#.#.#
#.# #.#
.#.#.#########.##########.#
.#........................#
.###.#########.############ ##
#.##....###.# #...........#
####....#####


You could see 2 gnolls.

Vanquished Creatures
  2 gnolls
  A worm (D:1)
  A dart slug (D:1)
  A leopard gecko (D:1)
  3 giant cockroaches (D:1)
  6 goblins (D:1)
  4 hobgoblins (D:1)
  4 jackals (D:1)
  A bat (D:1)
  A frilled lizard (D:1)
  2 kobolds (D:1)
  3 rats (D:1)
29 creatures vanquished.

Notes
Turn   | Place    | Note
-------+----------+-------------------------------------------
     0 | D:1      | RoseArtemis the Minotaur Fighter began the quest for the Orb.
     0 | D:1      | Reached XP level 1. HP: 19/19 MP: 0/0
   130 | D:1      | Reached XP level 2. HP: 27/27 MP: 1/1
   645 | D:1      | Reached XP level 3. HP: 27/33 MP: 2/2
  1187 | D:1      | HP: 1/33 [worm (4)]
  1189 | D:1      | Slain by a gnoll

Vault maps used:
D:1:      mrwooster_arrival_statue_3
D:2:      serial_curves, eino_curves_03, eino_curves_01

Skill      XL: |  1  2  3 |
---------------+----------+-----
Long Blades    | 3 |  3.7
Armour         | 4 |  4.1
Fighting       | 4 |  4.1
Shields        | 4 |  4.1

Action                   || total
-------------------------++-------
Melee: Long sword        ||    93
       Headbutt          ||    13
  Use: Scroll            ||     1
  Eat: Chunk             ||     1
Armor: Scale mail        ||    47
Dodge: Dodged            ||    36
Block: Shield            ||    53
       Rpst.: Long sword ||     6

Table legend:
 A = Spawn XP
 B = Non-spawn XP
 C = Spawn XP percentage of total XP
 D = Spawn monster count
 E = Non-spawn monster count
 F = Spawn count percentage of total count
 G = Total turns spent on level
                    A         B        C        D         E        F      G
               +---------+---------+-------+---------+---------+-------+---------
         Total |       0 |      83 |   0.0 |       0 |      29 |   0.0 |  1189
               +---------+---------+-------+---------+---------+-------+---------
           D:1 |       0 |      69 |   0.0 |       0 |      28 |   0.0 |  1176
           D:2 |       0 |      14 |   0.0 |       0 |       1 |   0.0 |    13
               +---------+---------+-------+---------+---------+-------+---------
